 Dungeon Crawl Stone Soup version 0.28-a0-1415-g7c84da036a (webtiles) character file.

Game seed: 15306517678158269070

501 fragbeetle the Ruffian (level 6, 0/51 HPs)
             Began as a Draconian Transmuter on Jan 8, 2022.
             Killed by divine providence
             ... invoked by an orc priest
              (11 damage)
             ... on level 5 of the Dungeon.
             The game lasted 00:06:53 (4209 turns).

fragbeetle the Ruffian (Draconian Transmuter)       Turns: 4209, Time: 00:06:55

Health: 0/51       AC:  8    Str: 15    XL:     6   Next: 95%
Magic:  9/9        EV: 12    Int: 13    God:
Gold:   127        SH:  0    Dex: 11    Spells: 5/9 levels left

rFire   . . .      SeeInvis .     - Unarmed
rCold   + . .      Faith    .   (no shield)
rNeg    . . .      Spirit   .   (armour unavailable)
rPois   .          Reflect  .   (helmet currently unavailable)
rElec   .          Harm     .   u - +0 cloak
rCorr   .          Rampage  .   d - +0 pair of gloves
Will    .....                   (boots currently unavailable)
Stlth   +.........              (no amulet)
HPRegen 0.17/turn               l - ring of flight
MPRegen 0.11/turn               v - ring of protection from cold

@: appendages, flying
A: horns 2, talons 2, AC +6, unfitting armour, cold-blooded
a: End Transformation


You were on level 5 of the Dungeon.
You had temporarily grown beastly horns and talons.
You visited 1 branch of the dungeon, and saw 5 of its levels.

You collected 127 gold pieces.

Inventory:

Missiles
 g - 77 stones
 o - 2 poisoned darts
 t - 2 boomerangs
Armour
 d - a +0 pair of gloves (worn)
 u - a +0 cloak (worn)
Magical Staves
 e - a staff of fire
Jewellery
 l - a ring of flight (left hand)
 v - a ring of protection from cold (right hand)
Scrolls
 c - a scroll of immolation {unknown}
 f - a scroll of amnesia {unknown}
 j - a scroll of holy word {unknown}
 m - a scroll of enchant weapon {unknown}
 n - a scroll of blinking {unknown}
 p - a scroll of vulnerability {unknown}
 r - a scroll of acquirement {unknown}
 s - 5 scrolls of identify {unknown}
 w - a scroll of brand weapon {unknown}
 x - a scroll of teleportation {unknown}
Potions
 a - 2 potions of flight {unknown}
 b - a potion of haste {unknown}
 h - 2 potions of curing
 i - a potion of might {unknown}
 k - 5 potions of brilliance {unknown}
 q - a potion of heal wounds {unknown}


   Skills:
 + Level 3.1 Fighting
 + Level 3.0 Dodging
 * Level 5.0 Unarmed Combat
 - Level 2.0 Spellcasting
 * Level 4.2 Transmutations
 + Level 2.1 Poison Magic


You had 5 spell levels left.
You knew the following spells:

 Your Spells              Type           Power      Damage    Failure   Level
a - Beastly Appendage     Tmut           24%        N/A       4%          1
b - Spider Form           Tmut/Pois      9%         N/A       21%         3

Your spell library contained the following spells:

 Spells                   Type           Power      Damage    Failure   Level
 Wereblood                Tmut           12%        N/A       7%          2
 Gell's Gravitas          Tloc           1%         N/A       58%         3
 Teleport Other           Tloc           1%         N/A       58%         3
 Ice Form                 Ice/Tmut       6%         N/A       71%         4
 Cause Fear               Hex            0%         N/A       94%         4
 Dispersal                Tloc           0%         N/A       100%        6
 Dragon Form              Tmut           6%         N/A       100%        7
 Dragon's Call            Summ           0%         N/A       100%        9


Dungeon Overview and Level Annotations

Branches:
Dungeon (5/15)
 Temple: D:4-7

Altars:
Cheibriados
Ru
Beogh


Innate Abilities, Weirdness & Mutations

You have temporarily grown beastly horns and talons.
Your plain brown scales are hard. (AC +6)
You cannot fit into any form of body armour.
You are cold-blooded and may be slowed by cold attacks.


Message History

The orc priest shouts!
The orc hits you with a +0 club.
The orc priest looks braver for a moment.
You hit the orc. Your kick misses the orc.
The orc is moderately wounded.
The orc priest mumbles some strange prayers to Beogh against you.
Beogh smites you! The orc hits you but does no damage.
You hit the orc but do no damage. Your kick misses the orc.
Your tail-slap misses the orc.
The orc is moderately wounded.
You barely miss the orc. You claw the orc.
You kill the orc!
The orc priest invokes the aid of Beogh against you.
Pain shoots through your body!
The orc priest mumbles some strange prayers to Beogh against you.
You barely resist.
Things that are here:
a +0 club; a +0 leather armour; an orc corpse You completely miss the orc priest.
Your kick misses the orc priest.
The orc priest hits you with a +0 short sword.
You hit the orc priest but do no damage.
Your kick misses the orc priest. You punch the orc priest.
The orc priest is lightly wounded.
The orc priest calls down the wrath of Beogh upon you.
Beogh smites you!
* * * LOW HITPOINT WARNING * * *
The orc priest misses you.
You hit the orc priest. Your kick misses the orc priest.
The orc priest is moderately wounded.
The orc priest mumbles some strange prayers to Beogh against you.
Beogh smites you!
* * * LOW HITPOINT WARNING * * *
Unknown command.
It was a potion of curing.
You feel better. The orc priest barely misses you.
The orc priest barely misses you.
The orc priest looks braver for a moment.
The orc priest miscasts a cantrip.
The orc priest mumbles some strange prayers to Beogh against you.
Beogh smites you!
You die...

#.######.# #.# #.# #.#
#.# #.# #.#
###########.# #.#
<.........#.# ###.#
............# #...#
......[...######.###.#..
..........#.....@.......
..........#)##.......#..
..........# #.#........
##.######## #o#.....###
#.# #o#....... #.#
#o#####.##. #.# .# #.# #
#.#


You could see an orc priest.

Vanquished Creatures
  A black bear (D:3)
  An ogre (D:3)
  An orc priest (D:4)
  Jessica (D:3)
  An orc wizard (D:3)
  3 iguanas (D:4)
  Robin (D:3)
  6 adders
  2 worms
  2 dart slugs
  14 orcs
  5 bats
  8 endoplasms
  3 giant cockroaches
  11 goblins
  4 hobgoblins
  3 jackals (D:3)
  2 quokkas
  10 ball pythons
  A frilled lizard (D:2)
  3 kobolds
  A rat (D:1)
84 creatures vanquished.

Notes
Turn   | Place    | Note
-------+----------+-------------------------------------------
     0 | D:1      | fragbeetle the Draconian Transmuter began the quest for the
                  | Orb.
     0 | D:1      | Reached XP level 1. HP: 16/16 MP: 3/3
   327 | D:1      | Reached XP level 2. HP: 17/23 MP: 3/5
  1079 | D:2      | Reached XP level 3. HP: 18/28 MP: 6/6
  1083 | D:2      | Learned a level 3 spell: Spider Form
  2225 | D:3      | Noticed Jessica
  2247 | D:3      | Killed Jessica
  2248 | D:3      | Reached XP level 4. HP: 25/36 MP: 7/7
  2339 | D:3      | Found a snail-covered altar of Cheibriados.
  2459 | D:3      | Noticed Robin
  2483 | D:3      | Killed Robin
  2494 | D:3      | Reached skill level 4 in Unarmed Combat
  2542 | D:3      | Noticed an ogre
  2548 | D:3      | Killed an ogre
  2549 | D:3      | Reached skill level 1 in Poison Magic
  2549 | D:3      | Reached XP level 5. HP: 42/42 MP: 6/8
  2906 | D:3      | Found a faded altar of an unknown god.
  2994 | D:3      | Noticed a black bear
  3016 | D:3      | Killed a black bear
  3017 | D:3      | Reached XP level 6. HP: 43/50 MP: 5/9
  3885 | D:4      | Reached skill level 5 in Unarmed Combat
  3921 | D:4      | Found a sacrificial altar of Ru.
  4113 | D:5      | Entered Level 5 of the Dungeon
  4119 | D:5      | Identified the +1 robe "Piupub" {SInv}
  4204 | D:5      | HP: 1/51 [orc priest/divine providence (7)]
  4209 | D:5      | Killed from afar by an orc priest

Illustrated notes

Levels and vault maps discovered:
D:1:      shiori_arrival_maze, layout_loops_ring, serial_bayou_pond_d,
          minmay_misc_feat_more_columns, st_stairs_12, minmay_misc_feat_doors
D:2:      layout_loops_ring, patterned_corridor
D:3:      layout_basic, lemuel_coloured_pillars_altar,
          hellmonk_ecumenical_altar_defaced_shrine, uniq_robin, uniq_jessica
D:4:      layout_rooms, nicolae_ru_awakened_eye, kennysheep_nub
D:5:      layout_basic

Skill      XL: |  1  2  3  4  5  6 |
---------------+-------------------+-----
Dodging        | 2 3 |  3.0
Fighting       | 2 3 |  3.1
Unarmed Combat | 4 5 |  5.0
Transmutations | 3 4 |  4.2
Poison Magic   | 1 2 |  2.1
Spellcasting   | |  2.0

Action                   |  1- 3 |  4- 6 || total
-------------------------+-------+-------++-------
Melee: Unarmed           |    87 |   156 ||   243
       Kick              |    23 |    36 ||    59
       Headbutt          |    10 |    20 ||    30
       Tailslap          |     3 |    20 ||    23
       Punch             |       |     2 ||     2
 Cast: Beastly Appendage |    25 |    29 ||    54
       Spider Form       |       |     1 ||     1
  Use: Potion            |       |     1 ||     1
 Stab: Sleeping          |     2 |       ||     2
Armor: Skin              |    19 |    42 ||    61
Dodge: Dodged            |    53 |    81 ||   134

Table legend: (Time is in decaauts)
 A = Elapsed time spent in this place.
 B = Non-inter-level travel time spent in this place.
 C = Inter-level travel time spent in this place.
 D = Time resting spent in this place.
 E = Time spent auto-exploring this place.
 F = Levels seen in this place.
 G = Mean time per level.
                   A        B        C        D        E       F      G
               +--------+--------+--------+--------+--------+-----+--------+
         Total |   4190 |   4069 |    121 |    210 |   3080 |   5 |  838.0 |
       Dungeon |   4190 |   4069 |    121 |    210 |   3080 |   5 |  838.0 |
               +--------+--------+--------+--------+--------+-----+--------+

Top non-repeatable levels by time:
     D:3: 1480 daAuts
     D:1: 1042 daAuts
     D:2: 1016 daAuts
     D:4: 556 daAuts
     D:5: 94 daAuts
